Map: Blackburn LE

Players

Kelazhur

  • Race: Terran Terran
  • League: Master

ShoWTimE - Winner!

  • Race: Protoss Protoss
  • League: Grandmaster

Event: DreamHack SC2 Masters Last Chance 2022

VOD

Have the link to the VOD?

Description

Time

  • Played on: Dec. 19, 2021, 6:27 p.m.
  • Length: 12:02

All games in this series

Show
View Real Time Build Order
Export as new Build Order

Kelazhur Terran 

Build Orders:  

Get SALT Encoding   

  12  0:00  SCV  
  13  0:12  SCV  
  14  0:17  Supply Depot  
  14  0:24  SCV  
  15  0:38  SCV  
  15  0:40  Barracks  
  16  0:44  Refinery  
  16  0:50  SCV  
  16  0:53  Refinery  
  17  1:02  SCV  
  18  1:15  SCV  
  19  1:27  Reaper, Orbital Command  
  20  1:33  Supply Depot  
  20  1:43  Factory  
  21  1:54  SCV  
  21  1:59  Barracks Reactor  
  21  2:06  SCV  
  22  2:18  Command Center  
  22  2:22  SCV  
  23  2:34  SCV  
  23  2:35  Starport  
  24  2:42  Widow Mine x2  
  28  2:46  Supply Depot  
  28  2:48  SCV  
  29  2:56  Marine  
  30  3:01  SCV  
  31  3:07  Widow Mine x2  
  35  3:13  Medivac  
  37  3:20  SCV, Armory  
  38  3:30  Orbital Command  
  38  3:33  SCV  
  39  3:42  Widow Mine x2  
  39  3:47  Medivac  
  45  3:50  SCV, Marine  
  46  4:02  SCV  
  44  4:03  SCV  
  42  4:14  SCV  
  42  4:17  Widow Mine x2  
  47  4:21  Orbital Command  
  48  4:26  SCV  
  48  4:31  Barracks Tech Lab  
  46  4:37  Barracks  
  46  4:38  SCV  
  45  4:40  Barracks  
  45  4:43  Widow Mine x2  
  47  4:47  SCV  
  47  4:51  SCV  
  47  5:01  SCV  
  47  5:10  Widow Mine x2, Stimpack, Marine  
  52  5:14  Barracks  
  52  5:15  SCV  
  52  5:16  Barracks  
  52  5:18  Medivac  
  52  5:24  Marine  
  52  5:26  SCV  
  54  5:32  SCV  
  53  5:38  SCV  
  53  5:42  Marine x2  
  54  5:51  SCV x2  
  54  5:52  Supply Depot, Engineering Bay  
  54  5:55  Marine  
  53  6:00  Marine x2  
  54  6:13  Supply Depot  
  54  6:14  SCV x2  
  57  6:19  Barracks Tech Lab x2  
  57  6:22  Barracks Reactor  
  57  6:23  Factory Reactor, Starport Reactor  
  57  6:25  Marine  
  57  6:26  SCV x2  
  59  6:38  SCV x2  
  61  6:42  Marine x2  
  61  6:43  Missile Turret  
  61  6:44  Combat Shield, Marine x3  
  64  6:49  Refinery  
  64  6:50  Missile Turret, SCV x2, Refinery  
  64  6:51  Supply Depot, Terran Infantry Weapons Level 1  
  64  6:53  Concussive Shells  
  66  7:00  Marine  
  67  7:02  SCV x2  
  67  7:04  Marine  
  70  7:09  Marauder x3, Marine x2  
  70  7:13  Widow Mine x2  
  82  7:22  Marine  
  82  7:23  SCV  
  82  7:27  Marine x2  
  86  7:30  Supply Depot  
  86  7:31  Supply Depot  
  86  7:51  Marine x2  
  86  7:52  Marauder x3  
  86  7:54  Marine  
  86  7:57  Widow Mine  
  86  7:58  Widow Mine, Medivac  
  96  7:59  Marine  
  96  8:05  Supply Depot  
  97  8:09  Marine  
  97  8:10  Supply Depot  
  96  8:13  Marauder x2  
  96  8:18  Medivac  
  102  8:23  Marine  
  102  8:24  Marine  
  102  8:25  Marauder  
  101  8:28  Medivac  
  101  8:29  Marine x2  
  101  8:30  Widow Mine  
  101  8:31  Widow Mine  
  107  8:35  Marauder x2  
  107  8:37  SCV  
  107  8:38  SCV  
  103  8:47  Marauder, Medivac, Marine  
  98  8:50  Marine  
  98  8:52  SCV  
  98  9:04  Marauder  
  98  9:05  Marine x2  
  92  9:12  Marauder, Marine  
  92  9:13  Widow Mine  
  92  9:14  Marine  
  95  9:18  Medivac  
  95  9:21  Widow Mine  
  100  9:31  Marauder  
  100  9:37  Marauder  
  94  9:41  Marauder, Medivac  
  94  9:43  Marine x2  
  94  9:45  Marine x2  
  98  9:48  Medivac  
  98  9:52  Marine  
  100  9:54  Widow Mine x2  
  100  9:58  Marine  
  96  10:10  Marine  
  96  10:11  Marine x3  
  92  10:15  Medivac  
  92  10:16  Widow Mine  
  92  10:18  Medivac  
  92  10:20  Marine  
  95  10:24  Marine  
  95  10:27  Ghost Academy  
  88  10:40  Marine x4  
  90  10:44  Widow Mine x2  
  90  10:45  Medivac  
  90  10:48  Medivac  
  101  10:57  Marine  
  101  10:58  Marine  
  101  11:00  Marine x2  
  103  11:13  Widow Mine  
  103  11:15  Marine  
  103  11:16  Marine  
  103  11:17  Medivac, Marine  
  101  11:27  Marauder, Unknown x2  
  101  11:32  Marauder, Marine  
  104  11:33  Marine  
  104  11:34  Unknown, Marine  
Show
View Real Time Build Order
Export as new Build Order

ShoWTimE Protoss - Winner!

Build Orders: 1 Gate Expand, Oracle Opening, Phoenix Opening 

Get SALT Encoding   

  12  0:00  Probe  
  13  0:12  Probe  
  14  0:17  Pylon  
  14  0:24  Probe (Chrono Boost)  
  16  0:36  Gateway, Probe (Chrono Boost)  
  16  0:43  Probe (Chrono Boost)  
  16  0:46  Assimilator  
  17  0:51  Probe  
  18  1:03  Probe  
  19  1:15  Probe  
  20  1:22  Nexus  
  20  1:32  Cybernetics Core  
  20  1:34  Probe  
  21  1:41  Assimilator  
  21  1:47  Probe  
  22  1:51  Pylon  
  22  1:59  Probe  
  23  2:06  Adept (Chrono Boost)  
  23  2:11  Probe  
  26  2:20  Stargate  
  26  2:23  Probe  
  27  2:30  Adept (Chrono Boost)  
  27  2:35  Probe  
  27  2:36  Probe  
  31  2:37  Warp Gate  
  31  2:47  Probe  
  31  2:48  Probe  
  33  2:54  Adept  
  35  2:59  Probe  
  35  3:00  Probe  
  35  3:02  Oracle (Chrono Boost)  
  40  3:11  Probe  
  40  3:12  Probe  
  42  3:19  Pylon  
  42  3:23  Probe  
  42  3:24  Probe  
  44  3:31  Phoenix (Chrono Boost)  
  46  3:37  Gateway  
  46  3:39  Probe x2  
  48  3:50  Pylon  
  48  3:51  Phoenix (Chrono Boost), Probe x2  
  52  4:03  Probe x2  
  54  4:14  Phoenix (Chrono Boost)  
  54  4:15  Probe x2  
  54  4:27  Probe x2  
  54  4:28  Void Ray (Chrono Boost)  
  56  4:32  Shield Battery  
  56  4:35  Gateway  
  60  4:41  Adept  
  60  4:44  Pylon  
  62  4:49  Probe  
  59  5:01  Adept  
  61  5:09  Probe x2  
  63  5:21  Probe x2  
  63  5:28  Adept x2  
  68  5:33  Probe x2  
  66  5:45  Probe x2  
  66  5:49  Twilight Council, Assimilator  
  68  5:53  Assimilator  
  68  5:57  Probe x2  
  68  6:04  Forge  
  70  6:13  Pylon  
  70  6:15  Nexus  
  70  6:19  Charge (Chrono Boost)  
  70  6:20  Pylon  
  70  6:24  Pylon  
  70  6:26  Probe x2  
  70  6:30  Protoss Ground Armor Level 1 (Chrono Boost)  
  70  6:36  Gateway  
  70  6:37  Gateway  
  70  6:38  Probe  
  70  6:39  Probe  
  72  6:49  Gateway  
  72  6:50  Probe  
  72  6:53  Gateway  
  73  6:54  Probe  
  73  6:55  Gateway  
  73  6:56  Sentry  
  73  6:57  Sentry  
  78  7:03  Probe  
  78  7:06  Probe  
  78  7:07  Pylon  
  78  7:10  Templar Archives  
  78  7:15  Probe  
  79  7:18  Probe  
  79  7:19  Shield Battery  
  78  7:23  Zealot x2  
  78  7:29  Pylon  
  82  7:31  Probe  
  82  7:32  Zealot  
  82  7:33  Pylon  
  85  7:37  Zealot  
  87  7:44  Pylon  
  87  7:47  Zealot x4  
  95  7:58  Zealot x3, Blink (Chrono Boost)  
  91  8:08  Zealot x4  
  91  8:12  Protoss Ground Weapons Level 1 (Chrono Boost), Shield Battery  
  99  8:18  Sentry  
  99  8:19  Zealot x2  
  105  8:27  High Templar  
  105  8:29  High Templar  
  105  8:37  Zealot x3, Archon  
  105  8:40  Zealot x2  
  103  8:44  Zealot  
  85  8:59  Zealot x3  
  85  9:02  Zealot x3  
  89  9:06  Zealot x2  
  89  9:08  Probe x2  
  95  9:15  Probe  
  96  9:18  Assimilator  
  96  9:20  Probe x2, High Templar x2  
  96  9:21  Assimilator  
  102  9:24  Archon  
  102  9:25  High Templar x3  
  102  9:26  Zealot x2, High Templar  
  102  9:29  Archon x2  
  106  9:44  Pylon  
  102  9:48  Robotics Facility  
  102  9:52  Zealot x4  
  92  10:07  Zealot x4  
  96  10:16  Zealot x4  
  96  10:27  Gateway  
  96  10:30  Gateway  
  96  10:31  Shield Battery  
  96  10:32  Stalker x4  
  100  10:37  Stalker x4  
  100  10:38  Pylon  
  100  10:42  Immortal (Chrono Boost)  
  102  10:49  Shield Battery  
  104  10:55  Sentry  
  104  10:56  Sentry  
  108  10:59  Zealot x2  
  112  11:06  Robotics Bay  
  112  11:08  Zealot x3  
  112  11:18  Stalker x2  
  112  11:21  Immortal (Chrono Boost)  
  116  11:27  Stalker  
  116  11:35  Zealot x3  
  110  11:41  Zealot x3  
  112  11:51  Zealot x2  
  112  12:01  Stalker x3  

Tags
 
Add a new tag
Caveats
  • Supply blocks, unpowered buildings, or Contaminate may cause inaccurate times.
  • Supply counts are checked every 10 seconds.